Map: Curious Minds LE

Players

A.I. 2 (Very Easy) - Winner!

  • Race: Terran Terran

FoxeR

  • Race: Terran Terran
  • League: Master

VOD

Have the link to the VOD?

Description

Time

  • Played on: Nov. 15, 2021, 2:37 p.m.
  • Length: 8:52
Show
View Real Time Build Order
Export as new Build Order

A.I. 2 (Very Easy) Terran - Winner!

Build Orders:  

Get SALT Encoding   

  12  0:00  SCV  
  13  0:13  SCV  
  14  0:18  Supply Depot  
  14  0:37  Refinery  
  14  0:42  Barracks  
  14  1:04  Supply Depot  
  14  1:12  Refinery  
  14  1:29  Marine  
  14  1:30  Orbital Command  
  15  1:56  SCV  
  16  2:08  SCV  
  17  2:16  Marine  
  17  2:20  SCV  
  19  2:32  SCV  
  19  2:35  Barracks Tech Lab  
  20  2:44  SCV  
  21  2:56  SCV  
  22  3:04  Marauder  
  24  4:01  SCV  
  24  4:29  SCV  
  24  6:47  SCV, Marine  
  25  6:49  Supply Depot  
  25  6:52  Factory  
  22  6:57  Command Center  
  22  6:59  SCV  
  23  7:11  SCV  
  23  7:13  Supply Depot  
  24  7:19  Marine  
  25  7:41  Starport  
  25  7:52  Marine  
  26  8:10  SCV  
  27  8:18  SCV  
  25  8:20  Starport Tech Lab, Refinery  
  25  8:21  Hellion  
  25  8:25  SCV  
  24  8:32  SCV  
  24  8:33  Refinery  
  23  8:39  SCV  
Show
View Real Time Build Order
Export as new Build Order

FoxeR Terran 

Build Orders:  

Get SALT Encoding   

  12  0:00  SCV  
  13  0:12  SCV  
  14  0:17  Supply Depot  
  14  0:24  SCV  
  15  0:38  SCV  
  15  0:41  Barracks  
  16  0:44  Refinery  
  16  0:50  SCV  
  16  0:54  Refinery  
  17  1:02  SCV  
  18  1:14  SCV  
  19  1:30  Orbital Command, Supply Depot  
  19  1:31  Reaper  
  20  1:43  Factory  
  20  1:56  SCV  
  21  2:03  Barracks Reactor  
  21  2:08  SCV  
  22  2:20  Command Center, SCV  
  23  2:28  Hellion  
  25  2:32  SCV  
  26  2:40  Reaper x2  
  28  2:44  SCV, Supply Depot  
  28  2:50  Hellion  
  31  2:58  Starport  
  31  3:06  SCV  
  31  3:12  Reaper x2  
  34  3:16  Hellion  
  34  3:18  SCV  
  37  3:24  Refinery  
  37  3:30  SCV  
  37  3:32  Orbital Command  
  38  3:37  Starport Tech Lab  
  38  3:40  Factory Tech Lab  
  38  3:42  SCV  
  38  3:47  Marine x2  
  41  3:54  SCV  
  42  3:56  Raven  
  42  3:58  SCV  
  42  4:01  Cyclone  
  48  4:06  SCV, Marine x2  
  51  4:12  SCV  
  51  4:15  Supply Depot  
  51  4:16  Supply Depot  
  52  4:18  SCV  
  53  4:26  SCV  
  54  4:37  Siege Tank  
  59  4:38  SCV  
  59  4:39  SCV  
  59  4:40  Raven  
  63  4:50  SCV  
  63  4:51  SCV, Command Center  
  63  4:53  Marine  
  63  4:54  Marine  
  63  4:58  Refinery  
  65  5:03  SCV x2  
  67  5:08  Supply Depot  
  67  5:10  Siege Tank  
  70  5:19  Supply Depot  
  70  5:29  SCV x2  
  70  5:32  Supply Depot  
  70  5:35  Viking x2  
  76  5:36  Marine, Stimpack  
  76  5:41  SCV x2  
  76  5:42  Siege Tank  
  82  5:48  Barracks  
  82  5:52  Barracks  
  82  5:53  SCV  
  82  5:56  SCV  
  84  5:58  Marine  
  84  6:03  Orbital Command  
  85  6:05  SCV, Viking  
  85  6:07  Viking  
  85  6:10  SCV  
  91  6:17  Engineering Bay x2  
  91  6:19  SCV  
  91  6:22  Marine  
  91  6:24  Siege Tank  
  96  6:26  SCV  
  96  6:29  Orbital Command  
  96  6:30  Supply Depot  
  96  6:31  Supply Depot  
  98  6:32  SCV  
  98  6:38  SCV  
  99  6:44  Barracks Reactor  
  99  6:45  SCV  
  99  6:46  Terran Infantry Armor Level 1, Terran Infantry Weapons Level 1  
  100  6:48  Barracks Reactor, Viking  
  100  6:50  SCV  
  103  6:55  SCV  
  103  6:56  Viking  
  103  6:58  Marine  
  103  6:59  Siege Tank  
  110  7:02  SCV  
  110  7:04  SCV  
  110  7:07  SCV  
  113  7:14  SCV  
  114  7:16  SCV, Marine, Barracks  
  114  7:17  Barracks  
  114  7:18  Combat Shield, Viking  
  118  7:24  SCV  
  118  7:26  Viking  
  118  7:27  Marine x4  
  118  7:29  Supply Depot  
  125  7:35  Supply Depot  
  125  7:36  SCV x2, Siege Tank, Supply Depot  
  125  7:37  Marine  
  130  7:38  SCV  
  130  7:42  Refinery  
  130  7:43  Refinery  
  132  7:45  Marine  
  132  7:49  Armory  
  132  7:50  Marine  
  132  7:51  SCV x3  
  136  7:54  Marine, Factory  
  136  7:55  Marine  
  139  8:02  Marine  
  139  8:03  SCV  
  141  8:06  SCV  
  141  8:08  SCV  
  141  8:09  Marine x2, Supply Depot  
  141  8:10  Barracks Reactor, Supply Depot  
  141  8:11  Barracks Reactor  
  141  8:12  Marine x2  
  145  8:15  Siege Tank  
  145  8:16  SCV  
  145  8:19  SCV  
  152  8:20  Marine  
  153  8:30  Marine  
  158  8:36  Command Center  
  158  8:38  Sensor Tower  
  158  8:45  Sensor Tower  
  158  8:48  Barracks Reactor  
Tags
 
Add a new tag
Caveats
  • Supply blocks, unpowered buildings, or Contaminate may cause inaccurate times.
  • Supply counts are checked every 10 seconds.